 Dungeon Crawl Stone Soup version 0.25-a0-42-g6c54e25894 (webtiles) character file.

Game seed: 9172538337948830423, levelgen mode: deterministic

17082 Johnny the Spear-Bearer (level 11, -1/101 HPs)
             Began as a Demigod Gladiator on Oct 23, 2019.
             Hit by a silver javelin thrown by a minotaur (35 damage)
             ... in a Gauntlet.
             The game lasted 00:20:32 (13438 turns).

Johnny the Spear-Bearer (Demigod Gladiator)        Turns: 13438, Time: 00:20:33

Health: -1/101     AC: 13    Str: 27    XL:     11   Next: 87%
Magic:  14/14      EV: 13    Int: 12    God:
Gold:   498        SH:  0    Dex: 23    Spells: 10/10 levels left

rFire    + + .     SeeInvis .   t - +0 halberd (venom)
rCold    . . .     Gourm    .   (shield currently unavailable)
rNeg     . . .     Faith    .   K - +2 leather armour "Taysk" {rPois rF++ Regen+}
rPois    +         Spirit   .   E - +0 helmet
rElec    .         Reflect  .   N - +0 cloak
rCorr    +         Harm     .   v - +2 pair of gloves
MR       ++...     NoTele   +   L - +2 pair of boots of the Assassin {Detection Stab+ Stlth++}
Stlth    ++++......             B - amulet of regeneration
HPRegen  1.06/turn              p - +6 ring of dexterity
MPRegen  0.14/turn              P - ring "Atirhoi" {MR+ rCorr Str+4}

@: hasted, very quick
A: high mp 1
a: no special abilities


You were in a Gauntlet.
You were not hungry.

You visited 2 branches of the dungeon, and saw 13 of its levels.
You also visited: Gauntlet.

You collected 653 gold pieces.
You spent 155 gold pieces at shops.

Inventory:

Hand Weapons
 a - a +0 trident
 k - a +1 dagger of venom
 t - a +0 halberd of venom (weapon)
 u - a +2 short sword of venom
Missiles
 d - a throwing net (quivered)
Armour
 g - a +0 troll leather armour
 j - a +2 cloak of magic resistance
 v - a +2 pair of gloves (worn)
 E - a +0 helmet (worn)
 G - the +4 ring mail of Tuxza {rElec rCorr Int-4 SInv}
   (You found it on level 11 of the Dungeon)

   It affects your intelligence (-4).
   It insulates you from electricity.
   It lets you see invisible.
   It provides partial protection from all sources of acid and corrosion.
 K - the +2 leather armour "Taysk" (worn) {rPois rF++ Regen+}
   (You found it on level 8 of the Dungeon)

   It greatly protects you from fire.
   It protects you from poison.
   It increases your rate of regeneration.
 L - the +2 pair of boots of the Assassin (worn) {Detection Stab+ Stlth++}
   (You found it on level 1 of the Lair of Beasts)

   It makes you much more stealthy.
 N - a +0 cloak (worn)
Jewellery
 p - a +6 ring of dexterity (left hand)
 x - an uncursed ring of see invisible
 B - an amulet of regeneration (around neck)
 P - the ring "Atirhoi" (right hand) {MR+ rCorr Str+4}
   (You found it in a Gauntlet)

   [ring of resist corrosion]

   It affects your strength (+4).
   It affects your resistance to hostile enchantments.
   It provides partial protection from all sources of acid and corrosion.
 Q - an uncursed amulet of harm {unknown}
Wands
 i - a wand of acid (7)
 s - a wand of iceblast (6)
Scrolls
 b - 7 scrolls of teleportation
 e - 3 scrolls of enchant weapon
 l - a scroll of magic mapping
 r - 9 scrolls of remove curse
 w - 2 scrolls of amnesia
 z - 6 scrolls of enchant armour
 D - a scroll of vulnerability
 H - 3 scrolls of fog
Potions
 c - a potion of flight
 h - 3 potions of magic
 m - a potion of mutation
 n - 3 potions of might
 o - 3 potions of heal wounds
 q - 2 potions of berserk rage {unknown}
 A - 2 potions of brilliance {unknown}
 J - a potion of resistance {unknown}
 M - a potion of degeneration {unknown}
Miscellaneous
 F - a lamp of fire
Comestibles
 f - 12 rations


   Skills:
 + Level 10.8 Fighting
 * Level 14.6 Polearms
 - Level 1.7 Throwing
 - Level 2.6 Dodging


You had 10 spell levels left.
You didn't know any spells.
Your spell library contained the following spells:

 Spells                   Type           Power        Failure   Level  Hunger
 Animate Skeleton         Necr           N/A          36%         1    ##.....
 Apportation              Tloc           #.....       36%         1    ##.....
 Confusing Touch          Hex            #.....       36%         1    ##.....
 Corona                   Hex            #......      36%         1    ##.....
 Summon Small Mammal      Summ           #...         36%         1    ##.....
 Ensorcelled Hibernation  Hex/Ice        #.....       50%         2    ###....
 Confuse                  Hex            #.......     73%         3    ####...
 Dazzling Spray           Conj/Hex       #.....       73%         3    ####...
 Tukima's Dance           Hex            #.......     73%         3    ####...


Dungeon Overview and Level Annotations

Branches:
Dungeon (12/15)            Temple (0/1) D:4            Lair (1/6) D:11
    Orc (0/2) D:10        Gauntlet (1/1)

Shops:
D:5 **   D:6 (

Annotations:
Gauntlet 8 transporters


Innate Abilities, Weirdness & Mutations

You have an increased reservoir of magic. (+10% MP)


Message History

Press: ? - help, v - describe, . - travel
Here: a minotaur, wielding the +4 Maxwell's thermic engine {flame, freeze}, wearing a +0 plate armour and wearing a cursed amulet of the gourmand The floor.
Unknown command.
Okay, then.
Unknown command.
Unknown command.
Unknown command.
Unknown command.
Unknown command.
Okay, then.
Evoke which item? (* to show all) (? for menu, Esc to quit)
Okay, then.
You feel yourself speed up.
The minotaur hits you with the +4 Maxwell's thermic engine {flame, freeze}!!
The minotaur burns you. The minotaur freezes you.
The minotaur barely misses you.
The minotaur throws a silver javelin.
The silver javelin pierces through you!!
You die...

.=#...≈# #.#.§.##
###..§§# ......#####
...8.####.#
.....≈##..#############
##...##...##..........#
.#...#....##.########.#
.#...#.8©.##.#..@...#.#
.#...#....##.#.####H#.#
©#.8.#.8©....#.#∩...#.#
.#...#....####.######.#
.#...#.8©.# #........#
.#...#....# ##########
##...##...# .....≈##..#
...8.####.#


You could see a minotaur.

Vanquished Creatures
  A green death (Gauntlet)
  A blizzard demon (Gauntlet)
  A two-headed ogre (D:9)
  A death yak (D:7)
  Urug (Lair:1)
  An unseen horror (D:11)
  An elephant (D:11)
  A centaur skeleton (D:10)
  2 spiny frogs (Lair:1)
  A komodo dragon (Lair:1)
  2 ice devils (Gauntlet)
  2 trolls
  3 polar bears (D:7)
  4 hippogriffs (D:7)
  A dream sheep (D:7)
  14 yaks
  A wyvern (D:11)
  A basilisk (Lair:1)
  2 hogs (D:7)
  A hungry ghost (D:7)
  Edmund (D:4)
  A warg (D:11)
  The ghost of PatienceIsAVirtue the Ruffian, an amateur VSFi (D:3)
  3 water moccasins
  A porcupine (Lair:1)
  3 ice beasts
  3 orc warriors
  6 black bears
  A sky beast (D:10)
  2 phantoms
  7 centaurs
  3 ogres
  A wolf (D:7)
  2 crocodiles
  2 big kobolds (D:10)
  12 bullfrogs
  A gnoll sergeant (D:5)
  A water moccasin skeleton (D:6)
  3 scorpions
  5 wights (D:7)
  3 killer bees (D:9)
  2 howler monkeys
  An electric eel (D:8)
  2 vampire bats (D:4)
  4 crimson imps
  A bullfrog zombie (D:7)
  8 hounds
  A quasit (D:9)
  8 orc priests
  2 jellies (D:7)
  13 orc wizards
  Ijyb (D:3)
  A bullfrog skeleton (D:12)
  2 iguanas
  7 worker ants
  2 hound zombies
  A howler monkey zombie (D:6)
  3 worker ant zombies (D:3)
  14 gnolls
  13 adders
  A white imp (Gauntlet)
  An ooze (D:1)
  An adder skeleton (D:6)
  3 worms
  2 dart slugs
  6 leopard geckos
  39 orcs
  2 ball pythons
  14 bats
  10 giant cockroaches
  16 goblins
  9 hobgoblins
  8 jackals
  13 kobolds
  2 quokkas
  4 frilled lizards
  A giant cockroach zombie (D:3)
  A jackal skeleton (D:3)
  A leopard gecko skeleton (D:3)
  A leopard gecko zombie (D:3)
  13 rats
338 creatures vanquished.

Vanquished Creatures (collateral kills)
  A wraith (D:10)
  A necrophage (D:11)
  A crocodile (D:11)
  A kobold (D:10)
4 creatures vanquished.

Vanquished Creatures (others)
  A hippogriff (D:11)
  A crimson imp (D:8)
  An orc priest (D:10)
  2 kobolds (D:10)
  5 fungi (Gauntlet)
  8 plants (Gauntlet)
18 creatures vanquished.

Grand Total: 360 creatures vanquished

Notes
Turn   | Place    | Note
-------+----------+-------------------------------------------
     0 | D:1      | Johnny the Demigod Gladiator began the quest for the Orb.
     0 | D:1      | Reached XP level 1. HP: 17/17 MP: 3/3
    39 | D:1      | Reached skill level 3 in Polearms
    84 | D:1      | Reached XP level 2. HP: 18/24 MP: 4/4
   564 | D:1      | Reached XP level 3. HP: 30/30 MP: 5/5
  1053 | D:2      | Found an ancient bone altar of Kikubaaqudgha.
  1904 | D:3      | Reached skill level 4 in Polearms
  1922 | D:3      | Reached XP level 4. HP: 32/37 MP: 6/6
  1967 | D:3      | Found a basalt altar of Yredelemnul.
  2167 | D:3      | Reached XP level 5. HP: 22/45 MP: 7/7
  2354 | D:3      | Reached skill level 5 in Polearms
  2601 | D:3      | Noticed an ogre
  2627 | D:3      | Killed an ogre
  2627 | D:3      | Reached XP level 6. HP: 18/52 MP: 8/8
  2894 | D:3      | Found a burning altar of Makhleb.
  2896 | D:3      | Found a shimmering altar of Xom.
  2923 | D:3      | Found a runed translucent door.
  3102 | D:3      | Noticed PatienceIsAVirtue's ghost (amateur VSFi)
  3107 | D:3      | Killed PatienceIsAVirtue's ghost
  3107 | D:3      | Reached skill level 6 in Polearms
  3148 | D:4      | Noticed Ijyb
  3177 | D:3      | Killed Ijyb
  3366 | D:4      | Found a shadowy altar of Dithmenos.
  3753 | D:4      | Reached XP level 7. HP: 40/60 MP: 9/9
  3778 | D:4      | Found a staircase to the Ecumenical Temple.
  3832 | D:4      | Found a bloodstained altar of Trog.
  4030 | D:4      | Noticed Edmund
  4045 | D:4      | Killed Edmund
  4045 | D:4      | Reached skill level 7 in Polearms
  4137 | D:4      | Reached skill level 5 in Fighting
  4177 | D:5      | Entered Level 5 of the Dungeon
  4441 | D:5      | Reached XP level 8. HP: 54/69 MP: 10/10
  4463 | D:5      | Reached skill level 8 in Polearms
  4540 | D:5      | Found Gusapt's General Store.
  4758 | D:5      | Bought a scroll of magic mapping for 35 gold pieces
  4758 | D:5      | Bought a scroll of identify for 20 gold pieces
  4758 | D:5      | Bought a potion of haste for 100 gold pieces
  4809 | D:5      | Found Piviz's Assorted Antiques.
  4960 | D:5      | Noticed a troll
  4993 | D:5      | Killed a troll
  5238 | D:6      | Reached skill level 9 in Polearms
  5472 | D:6      | Found Kaigoded's Weapon Boutique.
  5552 | D:6      | Reached XP level 9. HP: 76/78 MP: 11/11
  5622 | D:6      | Found a glowing silver altar of Zin.
  5951 | D:7      | Found a glowing silver altar of Zin.
  5981 | D:7      | Reached skill level 10 in Polearms
  6066 | D:7      | Found a huge runed translucent gate.
  6066 | D:7      | Found a huge runed translucent gate.
  6066 | D:7      | Found a huge runed translucent gate.
  6066 | D:7      | Found a huge runed translucent gate.
  6066 | D:7      | Noticed a death yak
  6276 | D:7      | Found a white marble altar of Elyvilon.
  6801 | D:7      | Found an opulent altar of Gozag.
  7165 | D:7      | Reached skill level 11 in Polearms
  7185 | D:7      | HP: 4/81 [death yak (19)]
  7201 | D:7      | Killed a death yak
  7202 | D:7      | Reached XP level 10. HP: 16/88 MP: 13/13
  7454 | D:7      | Reached skill level 12 in Polearms
  7775 | D:8      | Got a wizard robe
  8203 | D:8      | HP: 3/90 [electric eel/bolt of electricity (4)]
  8434 | D:8      | You fall into a shaft and drop 3 floors!
  8609 | D:10     | Entered Level 10 of the Dungeon
  8865 | D:11     | Got a slimy ring mail
  8876 | D:11     | Identified the +4 ring mail of Tuxza {rElec rCorr Int-4
                  | SInv} (You found it on level 11 of the Dungeon)
  8906 | D:11     | Noticed an unseen horror
  8919 | D:11     | Killed an unseen horror
  9022 | D:11     | Found a staircase to the Lair.
  9022 | D:11     | Noticed an elephant
  9057 | D:11     | Killed an elephant
  9233 | D:11     | Reached skill level 13 in Polearms
  9593 | D:10     | Reached XP level 11. HP: 85/97 MP: 14/14
  9614 | D:10     | Found a staircase to the Orcish Mines.
 10742 | D:9      | Noticed a two-headed ogre
 10760 | D:9      | Killed a two-headed ogre
 10918 | D:9      | Reached skill level 10 in Fighting
 11198 | D:8      | Found a shimmering blue altar of Sif Muna.
 11368 | D:8      | Got an encrusted leather armour
 11427 | D:9      | Identified the +2 leather armour "Taysk" {rPois rF++
                  | Regen+} (You found it on level 8 of the Dungeon)
 11428 | D:9      | Identified the +1 robe "Uppael" {rPois Int-2 SInv Stlth+}
                  | (You found it on level 8 of the Dungeon)
 11516 | Lair:1   | Entered Level 1 of the Lair of Beasts
 11850 | Lair:1   | Noticed Urug
 12238 | Lair:1   | Reached skill level 14 in Polearms
 12506 | Lair:1   | Killed Urug
 12708 | Lair:1   | Found the +2 pair of boots of the Assassin {Detection Stab+
                  | Stlth++}
 13074 | D:12     | Found a gate leading to a gauntlet.
 13083 | Gauntlet | Entered a Gauntlet
 13083 | Gauntlet | Found a transporter.
 13083 | Gauntlet | Noticed a thrashing horror
 13086 | Gauntlet | Found a transporter.
 13088 | Gauntlet | Noticed a thrashing horror
 13102 | Gauntlet | Found a transporter.
 13106 | Gauntlet | Found a transporter.
 13124 | Gauntlet | Found a transporter.
 13126 | Gauntlet | Noticed a death ooze
 13135 | Gauntlet | Noticed a blizzard demon
 13137 | Gauntlet | Found a transporter.
 13150 | Gauntlet | Found a transporter.
 13150 | Gauntlet | Noticed a great orb of eyes
 13167 | Gauntlet | Found a transporter.
 13171 | Gauntlet | Found a transporter.
 13179 | Gauntlet | Found a transporter.
 13195 | Gauntlet | Noticed a fire crab
 13201 | Gauntlet | Found a transporter.
 13202 | Gauntlet | Noticed a green death
 13205 | Gauntlet | Found a transporter.
 13273 | Gauntlet | Killed a green death
 13314 | Gauntlet | Got a twitching granite ring
 13323 | Gauntlet | Identified the ring "Atirhoi" {MR+ rCorr Str+4} (You found
                  | it in a Gauntlet)
 13365 | Gauntlet | Killed a blizzard demon
 13434 | Gauntlet | Noticed a minotaur
 13438 | Gauntlet | Hit by a silver javelin thrown by a minotaur

Levels and vault maps discovered:
D:1:      minmay_arrival_cross, layout_basic
D:2:      layout_loops_corners, overflow_temple_1_default
D:3:      layout_rooms, old_standard_altar,
          grunt_temple_overflow_champion_of_chaos,
          ebering_ghost_reflecting_pool, serial_undead, serial_undead_e,
          serial_undead_f, serial_undead_d, serial_undead_f, serial_undead_f,
          minmay_ogre_servants
D:4:      layout_cave_pools, lemuel_doored_altar, lemuel_round_altar,
          minmay_temple_entry_waves, hangedman_glass_teeth, roderic_batcave,
          cheibrodos_gnoll_hut, uniq_ijyb, uniq_edmund
D:5:      layout_loops_ring, serial_shops, shop, shop_fountains, first_ration,
          kennysheep_generic_room_12
D:6:      nicolae_whirlpool, layout_loops_ring, zin_statuary, serial_shops, shop
D:7:      lemuel_bear_cage, layout_loops_ring, lemuel_round_altar,
          elyvilon_altar_5, basic_altar
D:8:      statuecave_lemuel, layout_loops_ring, marbit_many_paths
D:9:      layout_small_grid
D:10:     layout_loops_corners, erik_orc_4
D:11:     layout_irregular_city, david_lair_generic
D:12:     layout_stronghold, gauntlet_entry_generic
Lair:1:   layout_gridlike, uniq_urug
Gauntlet: minmay_gauntlet_mixed_oops_all_seconds
          [minmay_gauntlet_arena_77_checkered, gammafunk_gauntlet_arena_crates,
          minmay_gauntlet_arena_77_museum,
          gammafunk_gauntlet_arena_arrow_garden,
          minmay_gauntlet_arena_77_block_sizes, nicolae_gauntlet_arena_blocks,
          gauntlet_exit_spiral]

Skill      XL: |  1  2  3  4  5  6  7  8  9 10 11 |
---------------+----------------------------------+-----
Fighting       | 2 3 4 5 6 8 9 10 | 10.8
Polearms       | 3 4 5 6 7 9 11 13 14 | 14.6
Throwing       | |  1.7
Dodging        | |  2.6

Action                   |  1- 3 |  4- 6 |  7- 9 | 10-12 || total
-------------------------+-------+-------+-------+-------++-------
Melee: Trident           |   114 |       |    39 |    19 ||   172
       Dagger            |    59 |   217 |       |       ||   276
       Short sword       |       |     6 |   495 |   614 ||  1115
       Halberd           |       |       |       |     7 ||     7
Throw: Throwing net      |       |       |       |     2 ||     2
Evoke: Wand              |       |     2 |    16 |    25 ||    43
       Lamp of fire      |       |       |       |     1 ||     1
  Use: Potion            |     1 |     1 |     4 |     7 ||    13
       Scroll            |       |       |     9 |     9 ||    18
 Stab: Sleeping          |       |       |     2 |     4 ||     6
       Confused          |       |       |     1 |       ||     1
       Invisible         |       |       |       |     4 ||     4
       Held in net/web   |       |       |       |     2 ||     2
       Distracted        |       |       |       |     1 ||     1
  Eat: Chunk             |     2 |     4 |    14 |    13 ||    33
       Ration            |       |     1 |     1 |     3 ||     5
Armor: Leather armour    |    29 |       |       |    46 ||    75
       Ring mail         |    53 |   114 |   133 |   170 ||   470
       Troll leather arm |       |       |    98 |    72 ||   170
       Skin              |       |       |     1 |     7 ||     8
Dodge: Dodged            |   115 |   157 |   465 |   634 ||  1371

Table legend:
 A = Non-vault XP
 B = Vault XP
 C = Vault XP percentage of total XP
 D = Non-vault monster count
 E = Vault monster count
 F = Vault count percentage of total count
                 A         B        C        D         E       F
            +---------+---------+-------+---------+---------+-------
      Total |   14933 |    9471 |  38.8 |     264 |      78 |  22.8
            +---------+---------+-------+---------+---------+-------
        D:1 |      60 |       0 |   0.0 |      34 |       0 |   0.0
        D:2 |      30 |       0 |   0.0 |      11 |       0 |   0.0
        D:3 |     230 |     420 |  64.6 |      33 |      19 |  36.5
        D:4 |     248 |     394 |  61.4 |      12 |      14 |  53.8
        D:5 |    1096 |       5 |   0.5 |      26 |       2 |   7.1
        D:6 |     584 |     451 |  43.6 |      19 |       4 |  17.4
        D:7 |    1633 |    3500 |  68.2 |      37 |      16 |  30.2
        D:8 |     869 |       0 |   0.0 |      15 |       0 |   0.0
        D:9 |    1764 |       0 |   0.0 |      23 |       0 |   0.0
       D:10 |    1687 |     274 |  14.0 |      19 |      12 |  38.7
       D:11 |    2599 |     697 |  21.1 |      12 |       5 |  29.4
       D:12 |    1150 |       0 |   0.0 |       7 |       0 |   0.0
     Lair:1 |    2983 |     835 |  21.9 |      16 |       1 |   5.9
   Gauntlet |       0 |    2895 | 100.0 |       0 |       5 | 100.0
            +---------+---------+-------+---------+---------+-------
